 Dungeon Crawl Stone Soup version 0.30-a0-187-gd9c2deaf24 (webtiles) character file.

Game seed: 11446601376986768779

128 LnG the Caller (level 5, -4/28 HPs)
             Began as a Kobold Summoner on Oct 3, 2022.
             Slain by an ogre
             ... wielding a +0 giant club
              (15 damage)
             ... on level 3 of the Dungeon.
             The game lasted 00:04:57 (2280 turns).

LnG the Caller (Kobold Summoner)                    Turns: 2280, Time: 00:04:58

Health: -4/28      AC:  5    Str:  5    XL:     5   Next: 33%
Magic:  3/10       EV: 15    Int: 19    God:
Gold:   190        SH:  0    Dex: 13    Spells: 2/11 levels left

rFire   . . .      SeeInvis .    f - +0 dagger
rCold   . . .      Faith    .    (no shield)
rNeg    . . .      Spirit   .    a - +1 robe
rPois   .          Reflect  .    (no helmet)
rElec   .          Harm     .    n - +1 cloak
rCorr   .          Rampage  .    (no gloves)
Will    .....                    (no boots)
Stlth   +++.......               k - amulet of regeneration
HPRegen 1.84/turn                (no ring)
MPRegen 0.12/turn                (no ring)

@: no status effects
A: small, no large weapons, nightstalker 3, clumsy 1, regeneration 1, roll 1
a: no special abilities


You were on level 3 of the Dungeon.
You visited 1 branch of the dungeon, and saw 3 of its levels.

You collected 190 gold pieces.

Inventory:

Hand Weapons
 f - a +0 dagger (weapon)
Missiles
 c - a throwing net
 j - 3 boomerangs of dispersal
Armour
 a - a +1 robe (worn)
 n - a +1 cloak (worn)
Jewellery
 k - an amulet of regeneration (around neck)
Wands
 p - a wand of roots (10)
Scrolls
 d - a scroll of brand weapon {unknown}
 e - 2 scrolls of enchant armour
 g - a scroll of immolation {unknown}
 l - 3 scrolls of identify {unknown}
 m - a scroll of poison {unknown}
 q - a scroll of enchant weapon {unknown}
Potions
 b - a potion of magic
 h - a potion of attraction {unknown}
 i - 2 potions of might {unknown}
 o - 3 potions of mutation
 r - a potion of degeneration {unknown}


   Skills:
 + Level 0.2 Fighting
 + Level 1.0 Short Blades
 + Level 3.1 Dodging
 + Level 3.5 Stealth
 + Level 3.7 Spellcasting
 + Level 4.7 Summonings


You had 2 spell levels left.
You knew the following spells:

 Your Spells              Type           Power      Damage    Failure   Level
a - Summon Small Mammal   Summ           84%        N/A       1%          1
b - Call Imp              Summ           21%        N/A       3%          2
c - Call Canine Familiar  Summ           21%        N/A       6%          3
d - Summon Guardian Gole  Hex/Summ       12%        N/A       16%         3

Your spell library contained the following spells:

 Spells                   Type           Power      Damage    Failure   Level
 Ignite Poison            Fire/Tmut/Pois 3%         N/A       38%         3
 Summon Lightning Spire   Summ/Air       12%        N/A       47%         4
 Manifold Assault         Tloc           3%         N/A       80%         4
 Sticky Flame             Conj/Fire      3%         2d3       80%         4
 Dispersal                Tloc           1%         N/A       100%        6
 Disjunction              Tloc           1%         N/A       100%        8
 Ignition                 Fire           1%         3d3       100%        8


Dungeon Overview and Level Annotations

Branches:
Dungeon (3/15)

Altars:


Innate Abilities, Weirdness & Mutations

You are small and have problems with some larger weapons.
You are completely attuned to the shadows.
You are clumsy. (Dex -2)
Your natural rate of healing is unusually fast.
You can roll at nearby foes to attack.


Message History

The ogre is moderately wounded.
Your hound barely misses the ogre.
The endoplasm barely misses you.
The ogre hits you with a +0 giant club!!
Ouch! That really hurt!
* * * LOW HITPOINT WARNING * * *
Your crimson imp hits the ogre.
Your hound bites the ogre.
It was a potion of mutation.
You feel extremely strange.
You feel clumsy.
You begin to heal more quickly.
The endoplasm freezes you.
You are frozen.
* * * LOW HITPOINT WARNING * * *
Your hound bites the ogre.
The ogre closely misses you.
Your crimson imp blinks!
Your hound bites the ogre.
The endoplasm closely misses you.
Your crimson imp hits the endoplasm.
Your hound bites the ogre.
The endoplasm freezes you.
You are frozen.
* * * LOW HITPOINT WARNING * * *
The ogre hits your hound with a +0 giant club!!
Your hound dies!
Your hound's corpse disappears in a puff of smoke!
Your crimson imp hits the endoplasm.
The endoplasm misses you. The ogre misses you.
Your crimson imp hits the endoplasm but does no damage.
You swap places.
The endoplasm hits you but does no damage.
Your crimson imp hits the endoplasm.
You hit the endoplasm.
You kill the endoplasm!
The ogre misses your crimson imp.
Your Short Blades skill increases to level 1!
Casting: Call Imp (safe; 3% risk of failure)
Confirm with . or Enter, or press ? or * to list all spells.
The spell is quite dangerous to miscast (6% risk of failure)!
Continue anyway?
Your crimson imp blinks!
The ogre attacks as you move away! The ogre hits you with a +0 giant club!
Ouch! That really hurt!
You die...

####### #.#.#
#>..............
#.#.#######......##.##
#.#......##........<..
####.######.##......#รท.##
#...........##...........
#...........##..........#
#....5......##...........
#.......h)..#####.#'#####
#......O@...# #.#......
...........# #.#######
...........# #........
..)........# #########
...........# ## #.


You could see an ogre (ally target), a friendly hound (summoned) and a friendly
crimson imp (summoned).

Vanquished Creatures
  An adder (D:3)
  An orc (D:3)
  3 ball pythons
  5 endoplasms
  4 goblins
  5 hobgoblins
  5 kobolds
  3 quokkas
  5 bats
  4 frilled lizards
  4 rats
40 creatures vanquished.

Vanquished Creatures (collateral kills)
  A scorpion (D:1)
  2 dart slugs (D:1)
  A ball python (D:1)
  A bat (D:1)
  2 goblins (D:1)
  A kobold (D:1)
  A rat (D:1)
9 creatures vanquished.

Grand Total: 49 creatures vanquished

Notes
Turn   | Place    | Note
-------+----------+-------------------------------------------
     0 | D:1      | LnG the Kobold Summoner began the quest for the Orb.
     0 | D:1      | Reached XP level 1. HP: 10/10 MP: 3/3
   225 | D:1      | Reached XP level 2. HP: 12/15 MP: 1/5
   401 | D:1      | Learned a level 2 spell: Call Imp
   466 | D:1      | Reached XP level 3. HP: 11/19 MP: 2/6
   470 | D:1      | Learned a level 3 spell: Call Canine Familiar
   520 | D:1      | Found a faded altar of an unknown god.
   788 | D:2      | Noticed a scorpion
   836 | D:1      | Killed a scorpion
   837 | D:1      | Reached XP level 4. HP: 1/24 MP: 0/9
  1273 | D:2      | Reached XP level 5. HP: 24/28 MP: 10/10
  1281 | D:2      | Learned a level 3 spell: Summon Guardian Golem
  2264 | D:3      | Noticed an ogre
  2272 | D:3      | Gained mutation: You are clumsy. (Dex -2) [potion of
                  | mutation]
  2272 | D:3      | Gained mutation: You can roll at nearby foes to attack.
                  | [potion of mutation]
  2272 | D:3      | Gained mutation: Your natural rate of healing is unusually
                  | fast. [potion of mutation]
  2278 | D:3      | Reached skill level 1 in Short Blades
  2280 | D:3      | Slain by an ogre

Illustrated notes

Levels and vault maps discovered:
D:1:      lightli_arrival_quake, layout_rooms,
          hellmonk_ecumenical_altar_lost_god
D:2:      layout_basic
D:3:      layout_basic

Skill      XL: |  1  2  3  4  5 |
---------------+----------------+-----
Stealth        | 3 |  3.5
Spellcasting   | 3 |  3.7
Dodging        | 3 |  3.1
Short Blades   | 1 |  1.0
Fighting       | |  0.2
Summonings     | |  4.7

Action                   |  1- 3 |  4- 6 || total
-------------------------+-------+-------++-------
Melee: Unarmed           |     8 |       ||     8
       Dagger            |    57 |    90 ||   147
       Punch             |       |     1 ||     1
Throw: Boomerang         |     1 |       ||     1
 Cast: Summon Small Mamm |    14 |       ||    14
       Call Imp          |     3 |     2 ||     5
       Call Canine Famil |     2 |     2 ||     4
  Use: Scroll            |       |     2 ||     2
       Potion            |       |     1 ||     1
 Stab: Sleeping          |     6 |     9 ||    15
Armor: Robe              |    11 |    12 ||    23
Dodge: Dodged            |    67 |    60 ||   127

Table legend: (Time is in decaauts)
 A = Elapsed time spent in this place.
 B = Non-inter-level travel time spent in this place.
 C = Inter-level travel time spent in this place.
 D = Time resting spent in this place.
 E = Time spent auto-exploring this place.
 F = Levels seen in this place.
 G = Mean time per level.
                   A        B        C        D        E       F      G
               +--------+--------+--------+--------+--------+-----+--------+
         Total |   2276 |   2214 |     62 |     74 |   1704 |   3 |  758.7 |
       Dungeon |   2276 |   2214 |     62 |     74 |   1704 |   3 |  758.7 |
               +--------+--------+--------+--------+--------+-----+--------+

Top non-repeatable levels by time:
     D:2: 941 daAuts
     D:1: 870 daAuts
     D:3: 464 daAuts
